 Dungeon Sprint DCSS version 0.29-a0-1009-g60c99734e7 (webtiles) character file.

Game seed: 5024940963955460242

4195 Hubris850 the Pandemonic (level 10, -9/93 HPs)
             Began as a Hill Orc Monk on Aug 8, 2022.
             Was a High Priest of Makhleb.
             Mangled by a freezing wraith (23 damage)
             ... in the Dungeon (Sprint VII: "The Pits").
             The game lasted 00:09:44 (1008 turns).

Hubris850 the Pandemonic (Hill Orc Monk)            Turns: 1008, Time: 00:09:44

Health: -9/93      AC: 17    Str: 22    XL:     10   Next: 29%
Magic:  24/24      EV: 12    Int: 10    God:    Makhleb [*****.]
Gold:   0          SH:  4    Dex: 13    Spells: 9/9 levels left

rFire   . . .      SeeInvis .   s - +8 mithril axe "Arga" {speed, Will+}
rCold   . . .      Faith    .   (no shield)
rNeg    . . .      Spirit   .   t - +4 chain mail
rPois   .          Reflect  .   (no helmet)
rElec   .          Harm     .   u - +0 cloak
rCorr   .          Rampage  .   (no gloves)
Will    +....      NoTele   +   (no boots)
Stlth   ..........              (no amulet)
HPRegen 0.25/turn               p - +3 ring of evasion
MPRegen 0.19/turn               q - +3 ring of strength

@: no status effects
A: large bone plates 1, MP-powered wands
a: Renounce Religion, Minor Destruction, Lesser Servant of Makhleb, Major
Destruction, Greater Servant of Makhleb


You were in the Dungeon.
You worshipped Makhleb.
Makhleb was extremely pleased with you.
You visited 1 branch

Inventory:

Hand Weapons
 a - a +0 hand axe
 j - a +2 hand axe
 n - a +1 hand axe of freezing
 s - the +8 mithril axe "Arga" (weapon) {speed, Will+}
   (You found it in the Dungeon)

   Attacks with this weapon are significantly faster.
   Will:      It increases your willpower.
Armour
 b - a +0 robe
 o - a +3 scale mail
 t - a +4 chain mail (worn)
 u - a +0 cloak (worn)
Jewellery
 p - a +3 ring of evasion (left hand)
 q - a +3 ring of strength (right hand)
Scrolls
 i - a scroll of blinking
 l - 5 scrolls of amnesia
 m - a scroll of summoning
Potions
 c - a potion of ambrosia
 d - 6 potions of curing
 e - 6 potions of heal wounds
 f - 5 potions of haste
 g - 4 potions of magic
 h - 2 potions of berserk rage
 k - 2 potions of invisibility
 r - 2 potions of mutation


   Skills:
 + Level 10.0 Fighting
 - Level 14.0 Axes
 + Level 9.9 Armour
 + Level 3.5 Dodging
 - Level 1.5 Stealth
 - Level 21.9 Invocations


You had 9 spell levels left.
You didn't know any spells.
Your spell library was empty.

Dungeon Overview and Level Annotations

Branches:
Dungeon (1/1)

Altars:
Ashenzari
Cheibriados
Dithmenos
Elyvilon
Fedhas
Gozag
Hepliaklqana
Kikubaaqudgha
Makhleb
Nemelex Xobeh
Okawaru
Qazlal
Ru
Sif Muna
Trog
Uskayaw
Vehumet
Wu Jian
Xom
Yredelemnul
Zin
The Shining One
Beogh
Jiyva
Lugonu


Innate Abilities, Weirdness & Mutations

You are partially covered in large bone plates. (SH +4)
You expend magic power (3 MP) to strengthen your wands.


Message History

A demon appears!
The hellwing gives a chilling moan.
The spriggan druid shouts!
Okay, then.
The spriggan druid hits you with a +0 quarterstaff!
A freezing wraith comes into view.
The hellwing swoops through the air toward you!
The hellwing hits you!
The hellwing hits you but does no damage.
You miss the spriggan druid. You hit the hellwing.
The hellwing hits you but does no damage. x2
The spriggan druid hits you but does no damage.
You miss the spriggan druid. You hit the hellwing but do no damage.
You slash the spriggan druid!
The spriggan druid is moderately wounded.
You hit the hellwing but do no damage. You block the hellwing's attack.
The hellwing hits you but does no damage.
The spriggan druid barely misses you.
You slash the spriggan druid!
The spriggan druid is heavily wounded.
You slash the hellwing! You slash the spriggan druid!
The spriggan druid is severely wounded.
You hit the hellwing.
The spriggan druid hits you with a +0 quarterstaff!
* * * LOW HITPOINT WARNING * * *
The hellwing hits you but does no damage. x2
Your cacodemon barely misses the spriggan druid. x2
You feel much better. The hellwing barely misses you.
The hellwing closely misses you.
The spriggan druid hits you with a +0 quarterstaff!
* * * LOW HITPOINT WARNING * * *
The freezing wraith hits you but does no damage.
You block the freezing wraith's attack.
Your cacodemon closely misses the spriggan druid.
Your cacodemon misses the spriggan druid.
A demon appears!
The hellwing closely misses you. The hellwing barely misses you.
The freezing wraith hits you.
* * * LOW HITPOINT WARNING * * *
The freezing wraith freezes you!!
You die...

............#
#####''###### ...##''#
### ...##..# ...
...##..# ..
...##..#### #'# ####
...##..#..#####.##...#
...##))#....##.Wi#...#
...##.)).....#.2@#...#
#####).'.....'...41$.+
#####..'.....#...#..)#
..[##..#....##...#...#
.[.##..#..#####.##...#
.))##..#### #+# ####
..)##..# .))##..# ####


You could see a hellwing (ally target), a spriggan druid (ally target), a
freezing wraith, a friendly cacodemon (summoned) and a friendly Executioner
(summoned).

Vanquished Creatures
  Nessos (D)
  A deep elf pyromancer (D)
  A rust devil (D)
  A tarantella (D)
  A warg (D)
  A sky beast (D)
  5 wolves (D)
  2 adders (D)
  A river rat (D)
  A white imp (D)
  An ufetubus (D)
  A worm (D)
  2 giant cockroaches (D)
  A goblin (D)
  A hobgoblin (D)
  4 jackals (D)
  2 kobolds (D)
  2 quokkas (D)
  A frilled lizard (D)
30 creatures vanquished.

Vanquished Creatures (collateral kills)
  A sea snake (D)
  A molten gargoyle (D)
  3 kobold demonologists (D)
  A wolf (D)
  A kobold brigand (D)
  A necrophage (D)
  An iron imp (D)
  An iguana (D)
  A mummy (D)
  A ball python skeleton (D)
  A giant cockroach zombie (D)
  3 kobolds (D)
16 creatures vanquished.

Grand Total: 46 creatures vanquished

Notes
Turn   | Place    | Note
-------+----------+-------------------------------------------
     0 | D        | Hubris850 the Hill Orc Monk began the quest for the Orb.
     0 | D        | Reached XP level 1. HP: 19/19 MP: 1/1
    43 | D        | Found a bloodstained altar of Trog.
    43 | D        | Found a shimmering blue altar of Sif Muna.
    43 | D        | Found a viscous altar of Jiyva.
    43 | D        | Found a hazy altar of Hepliaklqana.
    43 | D        | Found an opulent altar of Gozag.
    44 | D        | Found a glowing golden altar of the Shining One.
    44 | D        | Found a glowing silver altar of Zin.
    44 | D        | Found a basalt altar of Yredelemnul.
    44 | D        | Found a shimmering altar of Xom.
    44 | D        | Found an ornate altar of the Wu Jian Council.
    44 | D        | Found a sacrificial altar of Ru.
    44 | D        | Found a stormy altar of Qazlal.
    44 | D        | Found an iron altar of Okawaru.
    44 | D        | Found a sparkling altar of Nemelex Xobeh.
    44 | D        | Found a burning altar of Makhleb.
    44 | D        | Found a blossoming altar of Fedhas.
    44 | D        | Found a white marble altar of Elyvilon.
    44 | D        | Found a shadowy altar of Dithmenos.
    44 | D        | Found a snail-covered altar of Cheibriados.
    45 | D        | Found a radiant altar of Vehumet.
    45 | D        | Found a corrupted altar of Lugonu.
    45 | D        | Found a roughly hewn altar of Beogh.
    46 | D        | Found an ancient bone altar of Kikubaaqudgha.
    46 | D        | Found a hide-covered altar of Uskayaw.
    46 | D        | Found a broken altar of Ashenzari.
    52 | D        | Became a worshipper of Makhleb the Destroyer
    52 | D        | Reached * piety under Makhleb
    52 | D        | Reached ** piety under Makhleb
    69 | D        | Reached skill level 1 in Armour
   109 | D        | Reached XP level 2. HP: 11/28 MP: 2/2
   109 | D        | Reached *** piety under Makhleb
   292 | D        | Noticed a warg
   294 | D        | Reached skill level 5 in Axes
   302 | D        | Reached **** piety under Makhleb
   306 | D        | Killed a warg
   307 | D        | Reached skill level 5 in Fighting
   307 | D        | Reached skill level 10 in Axes
   307 | D        | Reached XP level 3. HP: 29/36 MP: 3/3
   307 | D        | Reached XP level 4. HP: 34/42 MP: 4/4
   307 | D        | Reached XP level 5. HP: 39/48 MP: 5/5
   493 | D        | Noticed a sky beast
   505 | D        | Killed a sky beast
   506 | D        | Reached skill level 5 in Invocations
   506 | D        | Reached XP level 6. HP: 49/56 MP: 5/10
   586 | D        | Reached ***** piety under Makhleb
   587 | D        | Reached skill level 6 in Invocations
   766 | D        | Noticed a molten gargoyle
   769 | D        | Killed a molten gargoyle
   770 | D        | Reached skill level 9 in Invocations
   770 | D        | Reached XP level 7. HP: 29/63 MP: 10/14
   775 | D        | Reached skill level 10 in Invocations
   778 | D        | Noticed a deep elf pyromancer
   782 | D        | Killed a deep elf pyromancer
   783 | D        | Reached skill level 11 in Invocations
   783 | D        | Reached XP level 8. HP: 46/78 MP: 11/16
   788 | D        | Found the +8 mithril axe "Arga" {speed, Will+}
   788 | D        | Found the +6 Majin-Bo {vamp, MP+6 Int+6}
   804 | D        | Gained mutation: You expend magic power (3 MP) to
                  | strengthen your wands. [potion of mutation]
   804 | D        | Gained mutation: You are partially covered in large bone
                  | plates. (SH +4) [potion of mutation]
   931 | D        | Noticed a kobold demonologist
   931 | D        | Noticed a kobold demonologist
   931 | D        | Noticed a kobold demonologist
   936 | D        | Noticed an orange demon
   939 | D        | Reached skill level 12 in Invocations
   944 | D        | Reached skill level 10 in Fighting
   946 | D        | Reached skill level 13 in Invocations
   951 | D        | Killed a kobold demonologist
   952 | D        | Reached skill level 14 in Invocations
   952 | D        | Reached XP level 9. HP: 48/85 MP: 17/20
   952 | D        | Killed a kobold demonologist
   953 | D        | Reached skill level 15 in Invocations
   953 | D        | Killed a kobold demonologist
   953 | D        | Reached ****** piety under Makhleb
   954 | D        | Reached skill level 17 in Invocations
   969 | D        | Noticed Nessos
   969 | D        | Noticed a rust devil
   969 | D        | Noticed a sea snake
   974 | D        | Killed a rust devil
   974 | D        | Killed a sea snake
   975 | D        | Reached skill level 20 in Invocations
   975 | D        | Reached XP level 10. HP: 79/93 MP: 21/24
   983 | D        | Killed Nessos
   984 | D        | Reached skill level 21 in Invocations
   999 | D        | Noticed a spriggan druid
  1008 | D        | Mangled by a freezing wraith

Illustrated notes

Levels and vault maps discovered:
D:        pitsprint [storerooms_1, entrance_room_1, metal_vault_1, armoury_1,
          mini_pit_1, grid_room_1, main_hall_1, silver_pit, the_coven_1,
          the_vestibule_1, steel_vault_3, golden_pit, hallway_of_sentries,
          crystal_vault_1, iron_vault_1, final_vault]

Skill      XL: |  1  2  3  4  5  6  7  8  9 10 |
---------------+-------------------------------+-----
Fighting       | 4 5 6 9 10 | 10.0
Armour         | 2 6 9 |  9.9
Dodging        | 3 |  3.5
Axes           | 10 11 14 | 14.0
Invocations    | 5 9 11 14 20 21 | 21.9
Stealth        | |  1.5

Action                   |  1- 3 |  4- 6 |  7- 9 | 10-12 || total
-------------------------+-------+-------+-------+-------++-------
Melee: Hand axe          |    31 |    23 |       |       ||    54
       Punch             |       |     1 |       |       ||     1
       Broad axe         |       |       |    21 |     6 ||    27
Invok: Minor Destruction |     1 |     2 |     1 |       ||     4
       Greater Servant o |       |     1 |     1 |     2 ||     4
       Lesser Servant of |       |       |     1 |       ||     1
       Major Destruction |       |       |       |     2 ||     2
  Use: Potion            |     1 |       |     3 |     1 ||     5
 Stab: Distracted        |       |       |     1 |       ||     1
Armor: Robe              |     5 |       |       |       ||     5
       Scale mail        |       |     4 |     1 |       ||     5
       Chain mail        |       |       |     9 |     8 ||    17
Dodge: Dodged            |    21 |     4 |    15 |     7 ||    47
Block: Other             |       |       |     6 |     3 ||     9

Table legend: (Time is in decaauts)
 A = Elapsed time spent in this place.
 B = Non-inter-level travel time spent in this place.
 C = Inter-level travel time spent in this place.
 D = Time resting spent in this place.
 E = Time spent auto-exploring this place.
 F = Levels seen in this place.
 G = Mean time per level.
                   A        B        C        D        E       F      G
               +--------+--------+--------+--------+--------+-----+--------+
         Total |    999 |    952 |     47 |    595 |      0 |   1 |  999.0 |
       Dungeon |    999 |    952 |     47 |    595 |      0 |   1 |  999.0 |
               +--------+--------+--------+--------+--------+-----+--------+

Top non-repeatable levels by time:
       D: 999 daAuts
